 Dungeon Crawl Stone Soup version 0.27.0-1-g7a089689b8 (webtiles) character file.

Game seed: 10562108126443251031

47 shoop the Magician (level 3, -2/25 HPs)
             Began as a Djinni Hedge Wizard on Aug 14, 2021.
             Was a Follower of Fedhas.
             Slain by an orc (3 damage)
             ... on level 3 of the Dungeon.
             The game lasted 00:04:02 (2228 turns).

shoop the Magician (Djinni Hedge Wizard)            Turns: 2228, Time: 00:04:03

Health: -2/25      AC:  2    Str: 10    XL:     3   Next: 97%
Gold:   98         EV: 12    Int: 15    God:    Fedhas [*.....] SH:  0 Dex: 12

rFire    + + .     SeeInvis .   g - +0 spear
rCold    x . .     Faith    .   (no shield)
rNeg     . . .     Spirit   .   b - +0 robe
rPois    ∞         Reflect  .   c - +0 hat
rElec    .         Harm     .   (no cloak)
rCorr    .         Rampage  .   (no gloves)
Will     .....                  (boots unavailable)
Stlth    ++........             (no amulet)
HPRegen  0.08/turn              (no ring)
MPRegen  0.00/turn              (no ring)

@: flying
A: sickness immunity, fire resistance 2, cold vulnerability 1, float, innate
caster, hp casting, extra vitality 1
a: Renounce Religion


You were on level 3 of the Dungeon.
You worshipped Fedhas.
Fedhas was aware of your devotion.
You visited 1 branch of the dungeon, and saw 3 of its levels.

You collected 98 gold pieces.

Inventory:

Hand Weapons
 a - a +0 dagger
 e - a +0 dagger
 g - a +0 spear (weapon)
Armour
 b - a +0 robe (worn)
 c - a +0 hat (worn)
Jewellery
 h - a ring of positive energy
Potions
 d - a potion of degeneration {unknown}
 f - a potion of resistance {unknown}


   Skills:
 - Level 2.1 Dodging
 - Level 1.5 Stealth
 + Level 3.5 Spellcasting


You couldn't memorise any spells.
You knew the following spells:

 Your Spells              Type           Power      Damage    Failure   Level
a - Magic Dart            Conj           52%        1d5       4%          1
b - Blink                 Tloc           N/A        N/A       7%          2
c - Call Imp              Summ           13%        N/A       7%          2
d - Slow                  Hex            13%        N/A       7%          2
e - Conjure Flame         Conj/Fire      13%        6-21      13%         3
f - Mephitic Cloud        Conj/Pois/Air  13%        N/A       13%         3
g - Sandblast             Erth           26%        2d8       4%          1
Your spell library was empty.

Dungeon Overview and Level Annotations

Branches:
Dungeon (3/15)

Altars:
Fedhas

Shops:
D:1 (

Annotations:
D:2 Sigmund, Terence


Innate Abilities, Weirdness & Mutations

You are immune to sickness and miasma.
You are immune to poison.
Your flesh is very heat resistant. (rF++)
You are vulnerable to cold. (rC-)
You float through the air rather than walking.
You learn spells naturally, not from books.
Your magical power is your life essence.
You have superior vitality. (+4 HP)


Message History

Aim: an orc, wielding a +0 whip (100% to hit)
The magic dart hits the orc.
The orc is severely wounded.
A hobgoblin comes into view.
Casting: Magic Dart (safe; 4% risk of failure)
Confirm with . or Enter, or press ? or * to list all spells.
Aiming: Magic Dart (safe; 4% risk of failure)
Press: ? - help, Shift-Dir - straight line, f/p - orc
Aim: an orc, wielding a +0 whip (severely wounded, 100% to hit)
The magic dart hits the orc but does no damage.
The hobgoblin shouts!
The orc hits you with a +0 club.
Casting: Magic Dart (safe; 4% risk of failure)
Confirm with . or Enter, or press ? or * to list all spells.
Aiming: Magic Dart (safe; 4% risk of failure)
Press: ? - help, Shift-Dir - straight line, f/p - orc
Aim: an orc, wielding a +0 whip (severely wounded, 100% to hit)
The magic dart hits the orc.
The orc is almost dead.
The orc hits you with a +0 whip.
The endoplasm jiggles.
The orc hits you with a +0 club.
Casting: Magic Dart (safe; 4% risk of failure)
Confirm with . or Enter, or press ? or * to list all spells.
Aiming: Magic Dart (safe; 4% risk of failure)
Press: ? - help, Shift-Dir - straight line, f/p - orc
Aim: an orc, wielding a +0 whip (almost dead, 100% to hit)
The magic dart hits the orc.
You kill the orc!
Fedhas appreciates your contribution to the ecosystem.
The orc misses you. The endoplasm freezes you.
You are frozen.
You feel a terrible chill!
* * * LOW HITPOINT WARNING * * *
Your magical contamination has completely faded away.
You hit the orc but do no damage. The orc hits you with a +0 club.
* * * LOW HITPOINT WARNING * * *
You barely miss the orc. The orc hits you with a +0 club.
You die...
Fedhas appreciates your contribution to the ecosystem.

#.........# #.
#.........# #.
#.........#
### #.
#.........#
#.. #.
#.........#
#.# ##
#......g..###
#.# ####
###....J..).#
#.# ..#
###...#o###†#
#.# #.###
#...#.#@#
#.###'####...#
#.###.#.#
#.#..........#
#.......#
#.#..........#
######..#
#............#
#..#
####......##.)
#.>#
#......####
#### ########


You could see an orc, an endoplasm and a hobgoblin.

Vanquished Creatures
  An adder (D:3)
  A dart slug (D:3)
  7 orcs (D:3)
  3 ball pythons
  2 endoplasms
  2 giant cockroaches
  A goblin (D:1)
  3 kobolds
  3 bats
  3 frilled lizards
26 creatures vanquished.

Notes
Turn   | Place    | Note
-------+----------+-------------------------------------------
     0 | D:1      | shoop the Djinni Hedge Wizard began the quest for the Orb.
     0 | D:1      | Reached XP level 1. HP: 15/15 MP: 0/0
   155 | D:1      | Found Qyfrijum's Antique Weapon Emporium.
   685 | D:1      | Reached XP level 2. HP: 17/21 MP: 0/0
   916 | D:1      | Found a faded altar of an unknown god.
   923 | D:1      | Became a worshipper of Fedhas Madash
   923 | D:1      | Reached * piety under Fedhas
  1025 | D:2      | Noticed Terence
  1062 | D:2      | Noticed Sigmund
  1096 | D:2      | Reached skill level 3 in Spellcasting
  1293 | D:3      | Reached XP level 3. HP: 12/25 MP: 0/0
  1293 | D:3      | Learned a level 1 spell: Sandblast
  2227 | D:3      | HP: 1/25 [orc (2)]
  2228 | D:3      | Slain by an orc

Illustrated notes

Levels and vault maps discovered:
D:1:      saegor_arrival_simple_b, layout_loops_cross,
          dilly_ecumenical_altar_fadedgnrine, serial_shops, shop
D:2:      layout_loops_ring, minmay_pentomino_u4, uniq_sigmund, uniq_terence
D:3:      layout_basic, lemuel_round_altar

Skill      XL: |  1  2 |
---------------+-------+-----
Spellcasting   | 3 |  3.5
Dodging        | |  2.1
Stealth        | |  1.5

Action                   || total
-------------------------++-------
Melee: Spear             ||     2
 Cast: Magic Dart        ||    77
       Blink             ||     1
Armor: Robe              ||     4
Dodge: Dodged            ||    14
